Map: Eastwatch LE

Players

ILIEKEGGPIE - Winner!

  • Race: Protoss Protoss
  • League: Platinum
  • Spawn Location: 7:00

TrippleF

  • Race: Protoss Protoss
  • League: Gold
  • Spawn Location: 1:00

VOD

Have the link to the VOD?

Description

Time

  • Played on: April 7, 2018, 11:05 p.m.
  • Length: 9:51
Show
View Real Time Build Order
Export as new Build Order

ILIEKEGGPIE Protoss - Winner!

Build Orders:  

Get SALT Encoding   

  12  0:01  Probe  
  13  0:13  Probe  
  14  0:18  Pylon  
  14  0:25  Probe (Chrono Boost)  
  15  0:37  Probe (Chrono Boost)  
  15  0:41  Gateway  
  16  0:45  Assimilator  
  16  0:49  Probe  
  17  1:01  Probe  
  18  1:13  Assimilator, Probe (Chrono Boost)  
  19  1:25  Probe (Chrono Boost)  
  20  1:30  Cybernetics Core  
  20  1:34  Probe (Chrono Boost)  
  21  1:45  Probe  
  22  1:57  Probe  
  23  2:02  Gateway  
  23  2:05  Warp Gate (Chrono Boost)  
  23  2:08  Pylon  
  23  2:17  Pylon  
  23  2:26  Stalker, Probe  
  26  2:42  Gateway  
  26  2:53  Stalker  
  28  3:04  Stalker  
  30  3:16  Pylon  
  30  3:27  Stalker  
  30  3:31  Stalker  
  34  3:41  Assimilator  
  34  4:07  Stalker  
  34  4:08  Stalker  
  38  4:16  Probe  
  39  4:29  Nexus  
  39  4:34  Probe  
  38  4:46  Probe  
  35  5:11  Pylon  
  35  5:39  Probe  
  36  5:49  Twilight Council  
  37  5:50  Probe (Chrono Boost)  
  37  5:51  Robotics Facility, Probe (Chrono Boost)  
  37  5:53  Pylon  
  37  5:54  Pylon  
  38  6:03  Probe (Chrono Boost)  
  40  6:06  Assimilator, Probe (Chrono Boost)  
  40  6:11  Stalker x2  
  44  6:12  Stalker  
  44  6:13  Probe  
  47  6:26  Pylon  
  47  6:28  Pylon  
  47  6:44  Immortal (Chrono Boost), Blink  
  51  6:48  Probe x2  
  51  6:53  Assimilator  
  53  7:00  Probe (Chrono Boost)  
  55  7:06  Probe (Chrono Boost), Pylon  
  55  7:10  Gateway  
  55  7:12  Gateway x2  
  55  7:14  Pylon, Probe (Chrono Boost)  
  56  7:26  Stalker  
  56  7:27  Stalker x2  
  63  7:37  Probe x2  
  63  7:44  Forge  
  64  7:46  Forge  
  64  7:49  Pylon, Probe x2  
  66  8:06  Immortal  
  66  8:10  Sentry, Pylon  
  66  8:11  Sentry x2  
  66  8:40  Probe x2  
  66  8:49  Stalker x3  
  66  8:52  Probe  
  73  8:57  Probe  
  73  9:02  Pylon  
  74  9:03  Pylon  
  74  9:04  Probe  
  74  9:08  Gateway  
  74  9:09  Probe  
  76  9:27  Pylon  
Show
View Real Time Build Order
Export as new Build Order

TrippleF Protoss 

Build Orders: 1 Gate Expand 

Get SALT Encoding   

  12  0:00  Probe  
  13  0:12  Probe  
  14  0:19  Pylon  
  14  0:30  Probe  
  14  0:33  Assimilator  
  15  0:43  Gateway  
  15  0:58  Assimilator  
  15  1:20  Probe (Chrono Boost)  
  16  1:30  Probe (Chrono Boost)  
  17  1:34  Nexus  
  17  1:45  Cybernetics Core  
  17  2:19  Probe  
  18  2:24  Stargate  
  18  2:31  Probe  
  21  2:42  Stalker  
  22  2:46  Probe (Chrono Boost)  
  22  2:50  Probe (Chrono Boost)  
  22  2:56  Warp Gate (Chrono Boost)  
  23  3:00  Probe (Chrono Boost)  
  23  3:01  Probe (Chrono Boost)  
  23  3:05  Probe (Chrono Boost)  
  24  3:08  Probe  
  26  3:17  Probe  
  27  3:28  Assimilator  
  27  3:29  Probe  
  28  3:41  Probe  
  29  3:48  Pylon  
  29  3:53  Probe  
  30  4:05  Probe (Chrono Boost)  
  32  4:10  Probe (Chrono Boost)  
  32  4:11  Oracle  
  35  4:19  Probe (Chrono Boost)  
  34  4:39  Probe  
  34  4:51  Probe  
  32  5:03  Probe  
  25  5:15  Probe  
  18  5:28  Nexus  
  18  5:34  Pylon  
  17  6:00  Gateway  
  17  6:01  Gateway  
  17  6:03  Gateway  
  17  6:04  Gateway  
  17  6:06  Gateway  
  17  6:20  Cybernetics Core  
  17  6:39  Pylon  
  17  6:59  Zealot  
  17  7:00  Zealot x3  
  25  7:03  Zealot  
  27  7:20  Stalker x2  
  27  7:21  Stalker x2  
  35  7:36  Forge  
  35  7:50  Assimilator  
  35  7:53  Assimilator  
  29  8:29  Stalker x2  
  29  8:30  Stalker x2  
  29  8:36  Probe (Chrono Boost)  
  26  8:43  Zealot  
  26  8:47  Probe (Chrono Boost)  
  29  8:52  Probe (Chrono Boost)  
  30  8:58  Zealot x3  
  30  8:59  Zealot  
  39  9:03  Probe (Chrono Boost)  
  39  9:05  Pylon  
  39  9:08  Probe (Chrono Boost)  
  40  9:18  Probe  
Tags
 
Matchup
PvP
Replay Pack
Multi
Spawn Locations
Cross Positions
Add a new tag
Caveats
  • Supply blocks, unpowered buildings, or Contaminate may cause inaccurate times.
  • Supply counts are checked every 10 seconds.